NYP
VERMONT LAKE MONSTERS @ MAHONING VALLEY SCRAPPERS
09/29/2049
 
TOP OF THE 1ST
Vermont Lake Monsters batting - Pitching for Mahoning Valley Scrappers : RHP Josh Hughes
Pitching: RHP Josh Hughes
Batting: RHB Alberto Malagon 0-0: Ball
1-0: Called Strike
1-1: DOUBLE (Line Drive, 89D, EV 105.0 MPH)
Batting: RHB Tetsuya Shinoda 0-0: Ground out 6-3 (Groundball, 6, EV 102.5 MPH)
Batting: RHB Amare Brown 0-0: Called Strike
0-1: Ball
1-1: Ball
2-1: Called Strike
2-2: Ball
Passed Ball!
Alberto Malagon to third
3-2: Base on Balls
Batting: RHB Ryan Jennings 0-0: Foul Ball, location: 2F
0-1: SINGLE (Groundball, 6D, EV 98.1 MPH)
Alberto Malagon scores
Amare Brown to second
Batting: RHB Edgardo Rivera 0-0: Ball
1-0: SINGLE (Flyball, 6D, EV 91.2 MPH)
Amare Brown to third
Ryan Jennings to second
Batting: RHB Jon Coleman 0-0: Ball
1-0: Ball
2-0: Called Strike
2-1: Fly out, F9 (Flyball, 9, EV 92.5 MPH)
Batting: SHB Berthold Frey 0-0: Called Strike
0-1: Ball
1-1: Swinging Strike
1-2: Ground out 6-3 (Groundball, 6M, EV 91.9 MPH)
Top of the 1st over - 1 run, 3 hits, 0 errors, 3 left on base; Vermont 1 - Mahoning Valley 0
BOTTOM OF THE 1ST
Mahoning Valley Scrappers batting - Pitching for Vermont Lake Monsters : RHP Terry Evans
Pitching: RHP Terry Evans
Batting: LHB Kazuyoshi Nakamura 0-0: Foul Ball, location: 2F
0-1: SINGLE (Flyball, 89S, EV 93.8 MPH)
Batting: RHB Jose Argueta 0-0: Ball
1-0: Ball
2-0: Called Strike
2-1: Ball
Kazuyoshi Nakamura steals 2nd base
3-1: SINGLE (Groundball, 5D, EV 104.4 MPH)
Kazuyoshi Nakamura to third
Batting: LHB Matt Steinke 0-0: Ball
1-0: Called Strike
Pickoff Throw to First - Out! 1-3
1-1: Ball
2-1: Foul Ball, location: 2F
2-2: SINGLE (Line Drive, 56, EV 98.1 MPH)
Kazuyoshi Nakamura scores
Batting: LHB Brandon Hopper 0-0: Ball
1-0: Fielders Choice at 2nd, 5-4 (Groundball, 56S, EV 81.9 MPH)
Batting: RHB Chris Folse 0-0: Ball
1-0: Foul Ball, location: 2F
1-1: Fly out, F4 (Popup, 4, EV 80.6 MPH)
Bottom of the 1st over - 1 run, 3 hits, 0 errors, 1 left on base; Vermont 1 - Mahoning Valley 1
TOP OF THE 2ND
Vermont Lake Monsters batting - Pitching for Mahoning Valley Scrappers : RHP Josh Hughes
Batting: SHB Matt Sybrant 0-0: Called Strike
0-1: Ball
1-1: Ball
2-1: Ball
3-1: Foul Ball, location: 2F
3-2: Ground out 2-3 (Groundball, 15S, EV 70.0 MPH)
Batting: SHB Steve Salafia 0-0: Ball
1-0: SINGLE (Line Drive, 8RS, EV 95.0 MPH)
Batting: RHB Alberto Malagon 0-0: Ball
1-0: Ball
2-0: Fielders Choice at 2nd, 6-4 (Groundball, 6, EV 84.4 MPH)
Batting: RHB Tetsuya Shinoda 0-0: Ball
1-0: Called Strike
1-1: Called Strike
Alberto Malagon steals 2nd base
1-2: Ground out 5-3 (Groundball, 56, EV 96.2 MPH)
Top of the 2nd over - 0 runs, 1 hit, 0 errors, 1 left on base; Vermont 1 - Mahoning Valley 1
BOTTOM OF THE 2ND
Mahoning Valley Scrappers batting - Pitching for Vermont Lake Monsters : RHP Terry Evans
Batting: LHB Dave Key 0-0: Called Strike
0-1: Fly out, F8 (Flyball, 8LD, EV 101.9 MPH)
Batting: RHB Jonathan Livingston 0-0: Called Strike
0-1: Ball
1-1: Ball
2-1: SINGLE (Groundball, 6, EV 103.8 MPH)
Batting: LHB Rich Walker 0-0: Ball
1-0: Called Strike
1-1: 2-RUN HOME RUN (Line Drive, 7LD, EV 93.1 MPH), Distance : 351 ft
Batting: RHB John Bianconi 0-0: Ball
1-0: Foul Ball, location: 2F
1-1: Called Strike
1-2: SINGLE (Line Drive, 8RS, EV 96.9 MPH)
Batting: LHB Kazuyoshi Nakamura 0-0: Swinging Strike
0-1: Ball
John Bianconi steals 2nd base
Balk!
John Bianconi to third
1-1: Ball
2-1: Ground out U3 (Groundball, 23, EV 89.4 MPH)
Batting: RHB Jose Argueta 0-0: Ball
1-0: Called Strike
1-1: Ball
2-1: Foul Ball, location: 2F
2-2: Ball
3-2: Foul Ball, location: 2F
3-2: Foul Ball, location: 2F
3-2: Ground out 4-3 (Groundball, 4, EV 101.9 MPH)
Bottom of the 2nd over - 2 runs, 3 hits, 0 errors, 1 left on base; Vermont 1 - Mahoning Valley 3
TOP OF THE 3RD
Vermont Lake Monsters batting - Pitching for Mahoning Valley Scrappers : RHP Josh Hughes
Batting: RHB Amare Brown 0-0: Swinging Strike
0-1: Ball
1-1: Called Strike
1-2: Strikes out looking
Batting: RHB Ryan Jennings 0-0: Ball
1-0: Ball
2-0: Foul Ball, location: 2F
2-1: Ground out 6-3 (Groundball, 6, EV 100.6 MPH)
Batting: RHB Edgardo Rivera 0-0: Called Strike
0-1: Foul Ball, location: 2F
0-2: Ball
1-2: Foul Ball, location: 2F
1-2: Ball
2-2: Ball
3-2: Foul Ball, location: 2F
3-2: SINGLE (Groundball, 56D, EV 98.1 MPH)
Batting: RHB Jon Coleman 0-0: Called Strike
0-1: Called Strike
0-2: Foul Ball, location: 2F
0-2: Ball
1-2: Fielders Choice at 2nd, 6-4 (Groundball, 6, EV 105.0 MPH)
Top of the 3rd over - 0 runs, 1 hit, 0 errors, 1 left on base; Vermont 1 - Mahoning Valley 3
BOTTOM OF THE 3RD
Mahoning Valley Scrappers batting - Pitching for Vermont Lake Monsters : RHP Terry Evans
Batting: LHB Matt Steinke 0-0: Called Strike
0-1: Foul Ball, location: 2F
0-2: Ball
1-2: Ground out 6-3 (Groundball, 6MS, EV 68.8 MPH)
Batting: LHB Brandon Hopper 0-0: Ground out U3 (Groundball, 3, EV 83.1 MPH)
Batting: RHB Chris Folse 0-0: Called Strike
0-1: Ball
1-1: Swinging Strike
1-2: Strikes out looking
Bottom of the 3rd over - 0 runs, 0 hits, 0 errors, 0 left on base; Vermont 1 - Mahoning Valley 3
TOP OF THE 4TH
Vermont Lake Monsters batting - Pitching for Mahoning Valley Scrappers : RHP Josh Hughes
Batting: SHB Berthold Frey 0-0: SINGLE (Line Drive, 56D, EV 98.1 MPH)
Batting: SHB Matt Sybrant 0-0: Called Strike
0-1: SINGLE (Groundball, 4MD, EV 97.5 MPH)
Berthold Frey to second
Runner from 2nd tries for 3rd, OUT after rundown.
Batting: SHB Steve Salafia 0-0: Called Strike
0-1: Ball
1-1: Called Strike
1-2: Ball
2-2: Foul Ball, location: 2F
2-2: Strikes out swinging
Batting: RHB Alberto Malagon 0-0: Called Strike
0-1: Ball
1-1: Fielders Choice at 2nd, 6-4 (Groundball, 6, EV 110.0 MPH)
Top of the 4th over - 0 runs, 2 hits, 0 errors, 1 left on base; Vermont 1 - Mahoning Valley 3
BOTTOM OF THE 4TH
Mahoning Valley Scrappers batting - Pitching for Vermont Lake Monsters : RHP Terry Evans
Batting: LHB Dave Key 0-0: Called Strike
0-1: Ground out 4-3 (Groundball, 4, EV 104.4 MPH)
Batting: RHB Jonathan Livingston 0-0: Called Strike
0-1: Foul Ball, location: 2F
0-2: Ground out U3 (Groundball, 3L, EV 81.9 MPH)
Batting: LHB Rich Walker 0-0: Called Strike
0-1: Fly out, F8 (Flyball, 8LD, EV 88.8 MPH)
Bottom of the 4th over - 0 runs, 0 hits, 0 errors, 0 left on base; Vermont 1 - Mahoning Valley 3
TOP OF THE 5TH
Vermont Lake Monsters batting - Pitching for Mahoning Valley Scrappers : RHP Josh Hughes
Batting: RHB Tetsuya Shinoda 0-0: Called Strike
0-1: Swinging Strike
0-2: Ball
1-2: Foul Ball, location: 2F
1-2: Strikes out swinging
Batting: RHB Amare Brown 0-0: Swinging Strike
0-1: Fly out, F7 (Line Drive, 7D, EV 90.6 MPH)
Batting: RHB Ryan Jennings 0-0: Ball
1-0: Fly out, F8 (Flyball, 78D, EV 87.5 MPH)
Top of the 5th over - 0 runs, 0 hits, 0 errors, 0 left on base; Vermont 1 - Mahoning Valley 3
BOTTOM OF THE 5TH
Mahoning Valley Scrappers batting - Pitching for Vermont Lake Monsters : RHP Terry Evans
Batting: RHB John Bianconi 0-0: Called Strike
0-1: Swinging Strike
0-2: Ball
1-2: DOUBLE (Line Drive, 89M, EV 105.0 MPH)
Batting: LHB Kazuyoshi Nakamura 0-0: Ball
1-0: Ball
2-0: Foul Ball, location: 2F
2-1: Called Strike
2-2: Ball
Wild Pitch!
John Bianconi to third
3-2: Foul Ball, location: 2F
3-2: Foul Ball, location: 2F
3-2: Base on Balls
Batting: RHB Jose Argueta 0-0: Ball
1-0: Ball
2-0: Ball
3-0: Base on Balls
Kazuyoshi Nakamura to second
Batting: LHB Matt Steinke 0-0: Grounds into fielders choice 6-2 (Groundball, 6, EV 88.1 MPH)
Kazuyoshi Nakamura to third
Jose Argueta to second
Batting: LHB Brandon Hopper 0-0: Called Strike
0-1: Ball
1-1: Called Strike
1-2: Foul Ball, location: 2F
1-2: Strikes out looking
Batting: RHB Chris Folse 0-0: Ball
1-0: Ball
Wild Pitch!
Kazuyoshi Nakamura scores
Jose Argueta to third
Matt Steinke to second
2-0: Foul Ball, location: 2F
2-1: SINGLE (Flyball, 89S, EV 85.6 MPH)
Jose Argueta scores
Matt Steinke to third
Runner from 3rd tries for Home, SAFE, throw by CF to home
Pitching: RHP Herman McPherson
Batting: LHB Dave Key 0-0: Ball
1-0: Called Strike
1-1: Ball
2-1: Fly out, F5 (Line Drive, 5L, EV 103.8 MPH)
Bottom of the 5th over - 3 runs, 2 hits, 0 errors, 1 left on base; Vermont 1 - Mahoning Valley 6
TOP OF THE 6TH
Vermont Lake Monsters batting - Pitching for Mahoning Valley Scrappers : RHP Josh Hughes
Batting: RHB Edgardo Rivera 0-0: Fly out, F8 (Flyball, 8LXD, EV 81.2 MPH)
Batting: RHB Jon Coleman 0-0: Called Strike
0-1: Ball
1-1: Called Strike
1-2: Strikes out swinging
Batting: SHB Berthold Frey 0-0: Foul Ball, location: 2F
0-1: Ball
1-1: Swinging Strike
1-2: Ground out U3 (Groundball, 3, EV 96.9 MPH)
Top of the 6th over - 0 runs, 0 hits, 0 errors, 0 left on base; Vermont 1 - Mahoning Valley 6
BOTTOM OF THE 6TH
Mahoning Valley Scrappers batting - Pitching for Vermont Lake Monsters : RHP Herman McPherson
Batting: RHB Jonathan Livingston 0-0: Swinging Strike
0-1: Swinging Strike
0-2: SINGLE (Line Drive, 8RM, EV 108.8 MPH)
Batting: LHB Rich Walker Balk!
Jonathan Livingston to second
0-0: Ball
1-0: Called Strike
1-1: Ball
2-1: Ball
3-1: Foul Ball, location: 2F
3-2: Base on Balls
Batting: RHB John Bianconi 0-0: Foul Ball, location: 2F
0-1: Ball
Jonathan Livingston steals 3rd, throwing error, E2
Jonathan Livingston scores
Rich Walker to third
1-1: Ball
2-1: Fly out, F7 (Line Drive, 78M, EV 96.2 MPH)
Runner from 3rd tags up, SCORES, no throw by LF
Batting: LHB Kazuyoshi Nakamura 0-0: Ball
1-0: Swinging Strike
1-1: Ball
2-1: Ball
3-1: Base on Balls
Batting: RHB Jose Argueta 0-0: Ball
1-0: Ball
Kazuyoshi Nakamura steals 2nd base
2-0: Ball
3-0: Base on Balls
Batting: LHB Matt Steinke 0-0: Foul Ball, location: 2F
0-1: Ball
1-1: Foul Ball, location: 2F
1-2: Ball
2-2: Fielders Choice at 2nd, 3-6 (Groundball, 3, EV 76.9 MPH)
Kazuyoshi Nakamura to third
Pitching: LHP Cory Yeary
Batting: LHB Brandon Hopper 0-0: Ball
1-0: Ball
2-0: Called Strike
2-1: Called Strike
2-2: Ball
Matt Steinke is caught stealing 2nd base 2-6
Bottom of the 6th over - 2 runs, 1 hit, 1 error, 1 left on base; Vermont 1 - Mahoning Valley 8
TOP OF THE 7TH
Vermont Lake Monsters batting - Pitching for Mahoning Valley Scrappers : RHP Josh Hughes
Batting: SHB Matt Sybrant 0-0: Foul Ball, location: 2F
0-1: Called Strike
0-2: Foul Ball, location: 2F
0-2: Ball
1-2: Ball
2-2: Foul Ball, location: 2F
2-2: Fly out, F6 (Popup, 6S, EV 70.6 MPH)
Batting: SHB Steve Salafia 0-0: Ball
1-0: Ball
2-0: Ball
3-0: Called Strike
3-1: Foul Ball, location: 2F
3-2: Foul Ball, location: 2F
3-2: SINGLE (Line Drive, 4D, EV 101.2 MPH)
Batting: RHB Alberto Malagon 0-0: Ball
1-0: Foul Ball, location: 2F
1-1: Grounds into double play, 1-4-3 (Groundball, P, EV 68.1 MPH)
Top of the 7th over - 0 runs, 1 hit, 0 errors, 0 left on base; Vermont 1 - Mahoning Valley 8
BOTTOM OF THE 7TH
Mahoning Valley Scrappers batting - Pitching for Vermont Lake Monsters : LHP Cory Yeary
Batting: LHB Brandon Hopper 0-0: Ground out 4-3 (Groundball, 4, EV 96.2 MPH)
Batting: RHB Chris Folse 0-0: Called Strike
0-1: Ball
1-1: Ball
2-1: Called Strike
2-2: Ball
3-2: Foul Ball, location: 2F
3-2: Foul Ball, location: 2F
3-2: Strikes out swinging
Batting: LHB Dave Key 0-0: Ball
1-0: Swinging Strike
1-1: Foul Ball, location: 2F
1-2: Fly out, F5 (Popup, 25, EV 85.0 MPH)
Bottom of the 7th over - 0 runs, 0 hits, 0 errors, 0 left on base; Vermont 1 - Mahoning Valley 8
TOP OF THE 8TH
Vermont Lake Monsters batting - Pitching for Mahoning Valley Scrappers : RHP Josh Hughes
Now in LF: Andy Lewis
Now in RF: Devon Grant
Batting: RHB Tetsuya Shinoda 0-0: Ground out 3-1 (Groundball, 34, EV 81.2 MPH)
Batting: RHB Amare Brown 0-0: Ball
1-0: Called Strike
1-1: Fly out, F8 (Flyball, 8LD, EV 95.6 MPH)
Batting: RHB Ryan Jennings 0-0: Called Strike
0-1: Ball
1-1: SINGLE (Line Drive, 3D, EV 96.9 MPH)
Pitching: LHP Roberto Liza
Now in LF: Travis Burnett
Now in CF: Andy Lewis
Batting: RHB Edgardo Rivera 0-0: Swinging Strike
0-1: Ball
1-1: Swinging Strike
1-2: Ball
2-2: Strikes out looking
Top of the 8th over - 0 runs, 1 hit, 0 errors, 1 left on base; Vermont 1 - Mahoning Valley 8
BOTTOM OF THE 8TH
Mahoning Valley Scrappers batting - Pitching for Vermont Lake Monsters : LHP Cory Yeary
Batting: SHB Travis Burnett 0-0: Ground out 4-3 (Groundball, 4D, EV 88.8 MPH)
Batting: LHB Rich Walker 0-0: Ball
1-0: Swinging Strike
1-1: Ball
2-1: Called Strike
2-2: Foul Ball, location: 2F
2-2: Strikes out swinging
Batting: RHB John Bianconi 0-0: Swinging Strike
0-1: Swinging Strike
0-2: Ball
1-2: Ball
2-2: Strikes out swinging
Bottom of the 8th over - 0 runs, 0 hits, 0 errors, 0 left on base; Vermont 1 - Mahoning Valley 8
TOP OF THE 9TH
Vermont Lake Monsters batting - Pitching for Mahoning Valley Scrappers : LHP Roberto Liza
Batting: RHB Jon Coleman 0-0: Called Strike
0-1: Foul Ball, location: 2F
0-2: Strikes out swinging
Batting: SHB Berthold Frey 0-0: SINGLE (Groundball, P, EV 90.6 MPH) (infield hit)
Batting: SHB Matt Sybrant 0-0: Foul Ball, location: 2F
0-1: Called Strike
0-2: Foul Ball, location: 2F
0-2: Foul Ball, location: 2F
0-2: Strikes out swinging
Batting: SHB Steve Salafia 0-0: DOUBLE (Flyball, 8LD, EV 95.0 MPH)
Berthold Frey to third
Batting: RHB Alberto Malagon 0-0: Ball
1-0: Called Strike
1-1: Called Strike
1-2: Ball
2-2: Ball
3-2: Strikes out looking
Top of the 9th over - 0 runs, 2 hits, 0 errors, 2 left on base; Vermont 1 - Mahoning Valley 8
Sunday, July 16th , 2023 - OOTP Baseball 24.6 Build 69